[Event "*** Titled Tuesday Blitz AM"]
[Site "Chess.com"]
[Date "2020.01.07"]
[Round "4"]
[White "GianmarcoVaR"]
[Black "dawtonlms"]
[Result "1/2-1/2"]
[WhiteElo "2573"]
[BlackElo "2332"]
[TimeControl "180+2"]
[EndTime "9:52:39 PST"]
[Termination "Game drawn by repetition"]

1. d4 Nf6 2. c4 e6 3. g3 d5 4.
Bg2 Be7 5. Nf3 O-O 6. O-O c6 7. Nbd2 b6 8. b3 Bb7 9. Bb2 Nbd7 10. Rc1 Rc8 11. Ne5 c5 12. e3 Ba8 13. cxd5 Nxd5 14. Ndc4 N7f6 15. Qe2 cxd4 16. Bxd4 b5 17. Nb2 Qa5 18.
a4 a6 19. axb5 axb5 20. Nbd3 Qa3 21. Qb2 Rfd8 22. Ra1 Qxb2 23. Bxb2 Rc2 24. Ra7 Rb8 25. Rfa1 Bb7 26. Bd4 Rcc8 27. h3 h6 28. g4 Bf8 29.
h4 Ne8 30. g5 hxg5 31. hxg5 g6 32. Ng4 Bg7 33. Bxg7 Kxg7 34. Nde5 Ra8 35. Nd7 Bc6 36. Nde5 Bb7 37. Nd3 Nd6 38. Nde5 Ne8 1/2-1/2

[Event "*** Titled Tuesday Blitz AM"]
[Site "Chess.com"]
[Date "2020.01.07"]
[Round "4"]
[White "WorldChampionBulletChess"]
[Black "ExcitingTrap"]
[Result "0-1"]
[WhiteElo "2084"]
[BlackElo "2316"]
[TimeControl "180+2"]
[EndTime "9:52:45 PST"]
[Termination "ExcitingTrap won by resignation"]

1. d4 d6 2. Nf3 Nf6 3. c4 g6 4. b4 Bg7 5. Bb2 O-O 6. Nbd2 a5 7.
b5 a4 8. a3 d5 9. c5 Bd7 10.
e3 Ra5 11. Bc3 Rxb5 12. Bxb5 Bxb5 13. Ng1 Qd7 14. Ne2 Qg4 15. Nf4 Qf5 16. f3 g5 17. Ne2 Qd3 18. Nb1 Qxe3 19. Bd2 Qe6 20. Nc3 Bc4 21. O-O g4 22. Nf4 Qd7 23. Re1 Nc6 24. Be3 gxf3 25. Qxf3 e5 26. Nfe2 e4 27. Qg3 Nh5 28. Qg5 Nf6 29. Nf4 Qg4 30. Qxg4 Nxg4 31. Nfxd5 Rd8 32. Nb4 Nxe3 33. Rxe3 Bxd4 34. Kf2 Ne5 35. Rd1 Ng4+ 36. Kg3 Nxe3 37. Kf4 Nxd1 38. Nxe4 Be2 39. c6 Be3+ 40. Ke5 Re8+ 41. Kf5 Bd4 42. Nf6+ Bxf6 43. Kxf6 bxc6 0-1

[Event "*** Titled Tuesday Blitz AM"]
[Site "Chess.com"]
[Date "2020.01.07"]
[Round "4"]
[White "Arystanner"]
[Black "platy3"]
[Result "1-0"]
[WhiteElo "2734"]
[BlackElo "2875"]
[TimeControl "180+2"]
[EndTime "9:52:46 PST"]
[Termination "Arystanner won by resignation"]

1. c4 Nf6 2. Nc3 e6 3. e4 d5 4. cxd5 exd5 5. e5 Ne4 6. d4 Nc6 7. Bb5 Bb4 8. Ne2 O-O 9. Bxc6 bxc6 10. O-O Ba6 11. Qa4 Nxc3 12. Qxa6 Qc8 13. Qd3 Nxe2+ 14.
Qxe2 Qf5 15. Be3 c5 16. dxc5 Qxe5 17. a3 Bxc5 18. Rac1 d4 19. Qb5 Bd6 20. Qxe5 Bxe5 21. f4 Bf6 22. Bd2 Rfe8 23. Rxc7 Re2 24. Rf2 d3 25. Rxe2 dxe2 26. Kf2 Re8 27. b4 Bd4+ 28. Kf3 h5 29. Rc1 Bb2 30. Re1 Bxa3 31. Rxe2 Rxe2 32.
Kxe2 Bb2 33. Kd3 a6 34. Kc4 Kf8 35. Kc5 Ke7 36. Kb6 Bd4+ 37. Kxa6 Kd7 38. Kb7 h4 39. h3 f5 40. b5 g6 41. b6 Bc5 42. Ka6 Kc6 43. b7 Kc7 44. Bc3 Bd6 45. Be5 1-0

[Event "*** Titled Tuesday Blitz AM"]
[Site "Chess.com"]
[Date "2020.01.07"]
[Round "4"]
[White "esskeettit"]
[Black "j_coca"]
[Result "1-0"]
[WhiteElo "2454"]
[BlackElo "2157"]
[TimeControl "180+2"]
[EndTime "9:52:51 PST"]
[Termination "esskeettit won by resignation"]

1. d4 g6 2. Nf3 Bg7 3. Bf4 d6 4. e3 Nh6 5. c4 O-O 6. Nc3 Kh8 7. h4 f6 8. d5 e5 9. dxe6 Bxe6 10. Bd3 Nc6 11. Qd2 Ne5 12. Nd4 Bxc4 13. Bxc4 Nxc4 14. Qe2 Ne5 15. Ne6 Qd7 16. Nxf8 Rxf8 17. O-O-O a6 18.
f3 Re8 19. Kb1 Nc6 20. Nd5 Qf7 21. Qd3 Ng8 22. e4 Nd8 23. Qc2 Ne6 24. Bd2 c6 25.
Nf4 Nd4 26. Qc3 c5 27. Be3 Nb5 28. Qd3 Ne7 29. Nd5 Nxd5 30. Qxd5 Qxd5 31. Rxd5 f5 32. a4 Nc7 33. Rxd6 fxe4 34. fxe4 Rxe4 35. Rd8+ Ne8 36.
Bxc5 Kg8 37. Rhd1 Bf6 38. Rb8 Re2 39. Ba3 Bxh4 40. Rxb7 Re1 41. Rxe1 Bxe1 42. Re7 1-0

[Event "*** Titled Tuesday Blitz AM"]
[Site "Chess.com"]
[Date "2020.01.07"]
[Round "4"]
[White "Philosopherrr"]
[Black "korbul"]
[Result "1-0"]
[WhiteElo "2451"]
[BlackElo "2639"]
[TimeControl "180+2"]
[EndTime "9:52:52 PST"]
[Termination "Philosopherrr won by checkmate"]

1. e4 c5 2. Nf3 e6 3. d4 cxd4 4. Nxd4 Nf6 5. Nc3 d6 6. g4 a6 7. Bg2 h6 8. h3 Qc7 9. O-O Nc6 10.
Be3 Bd7 11. Nxc6 Bxc6 12. Re1 Be7 13. a4 b6 14. Qd2 O-O 15. f4 Rfd8 16. Qf2 Rab8 17. f5 e5 18. Red1 b5 19. axb5 axb5 20. Bf3 b4 21. Nd5 Bxd5 22. exd5 e4 23. Bg2 Rdc8 24.
Rd2 Ra8 25. Re1 Ra2 26. Bd4 Qc4 27. Bxe4 Nxe4 28. Rxe4 Bg5 29. Rde2 Qxd5 30. h4 Bc1 31. Qf3 Qa8 32. Qb3 Ra1 33. Kg2 Re8 34. Qf3 Rc8 35. g5 hxg5 36. f6 Bf4 37. hxg5 Ra5 38. Qxf4 Rd5 39.
c3 bxc3 40. bxc3 Qc6 41. fxg7 Rb5 42. Bf6 Qd5 43. Qf3 Qd1 44. Re8+ Kh7 45. Qh5# 1-0

[Event "*** Titled Tuesday Blitz AM"]
[Site "Chess.com"]
[Date "2020.01.07"]
[Round "4"]
[White "GMCarbone"]
[Black "calemcc"]
[Result "1-0"]
[WhiteElo "2265"]
[BlackElo "2470"]
[TimeControl "180+2"]
[EndTime "9:52:54 PST"]
[Termination "GMCarbone won by resignation"]

1. d4 d5 2. c4 e6 3. Nf3 c6 4. e3 Nf6 5. Nc3 Nbd7 6. Qc2 Bd6 7. Bd3 O-O 8. O-O dxc4 9. Bxc4 a6 10. Be2 c5 11.
Rd1 Qc7 12. h3 b5 13. Ne4 Nxe4 14. Qxe4 Bb7 15. Qh4 Rfd8 16. Bd2 cxd4 17. exd4 Nf8 18. Rac1 Qb6 19. Be3 Bd5 20. b3 Rac8 21. Ng5 Qb7 22.
Bf3 h6 23. Ne4 Ba3 24. Rxc8 Rxc8 25. Nd2 Rc2 26. Qd8 Bxf3 27. Nxf3 Be7 28. Qa5 Bf6 29.
Rc1 Rxc1+ 30. Bxc1 Ng6 31. Be3 Ne7 32. Qd8+ Kh7 33.
Qe8 Nc6 34. h4 Qc7 35. h5 Nb4 36. a4 bxa4 37. bxa4 Qe7 38. Qxe7 Bxe7 39. Ne5 Kg8 40. Kf1 Bf6 41. Ke2 Nd5 42. Ng4 Nc3+ 43. Kd3 Nxa4 44. Nxf6+ gxf6 45. Bxh6 Nb6 46. Bd2 Nd5 47. g4 Kh7 48.
Kc4 a5 49. Kb5 Nf4 50. Bxf4 1-0

[Event "*** Titled Tuesday Blitz AM"]
[Site "Chess.com"]
[Date "2020.01.07"]
[Round "4"]
[White "OparinGrigoriy"]
[Black "liczner"]
[Result "0-1"]
[WhiteElo "3029"]
[BlackElo "2838"]
[TimeControl "180+2"]
[EndTime "9:52:55 PST"]
[Termination "liczner won by resignation"]

1. Nf3 Nf6 2. g3 g6 3. Bg2 Bg7 4. c4 d5 5. cxd5 Nxd5 6. d4 Nb6 7. O-O Nc6 8. e3 e5 9. dxe5 Qxd1 10. Rxd1 Nxe5 11. Nxe5 Bxe5 12. Nc3 c6 13. a4 a5 14. e4 Bg4 15. f3 Be6 16. Be3 Nc4 17. Bd4 Bxd4+ 18. Rxd4 Rd8 19. Rxd8+ Kxd8 20. b3 Ne3 21.
Rb1 Kc7 22. Bf1 Nxf1 23. Kxf1 Rd8 24. Ke2 Rd4 25. Na2 b5 26. Ke3 Rd8 27. Nc3 b4 28.
Ne2 Kb6 29. Nf4 Bc8 30. Rc1 Ba6 31. h4 h6 32. e5 g5 33. hxg5 hxg5 34. Nh3 Rd3+ 35.
Ke4 g4 36. fxg4 Rxb3 37. Ng5 Bd3+ 38. Kf4 Rb1 39. Rxb1 Bxb1 40. Ke3 Bg6 41. e6 fxe6 42. Nxe6 c5 43. Kd2 c4 44. Nf4 c3+ 45. Kc1 Be4 46. Ne2 Kc5 47. g5 Kc4 48. g4 b3 0-1

[Event "*** Titled Tuesday Blitz AM"]
[Site "Chess.com"]
[Date "2020.01.07"]
[Round "4"]
[White "Endgamegenius"]
[Black "capatl"]
[Result "1-0"]
[WhiteElo "2365"]
[BlackElo "2632"]
[TimeControl "180+2"]
[EndTime "9:52:57 PST"]
[Termination "Endgamegenius won by resignation"]

1. e4 c5 2. Nf3 e6 3. d4 cxd4 4. Nxd4 a6 5. c4 Qc7 6. Nc3 d6 7. Bd3 Nd7 8. O-O Ngf6 9. b3 b5 10. Bb2 bxc4 11. Bxc4 Ne5 12. Be2 Bd7 13. Rc1 Qb7 14.
f4 Nc6 15. Bf3 Qa7 16. Ne2 e5 17. Kh1 Nxd4 18. Nxd4 exd4 19. e5 dxe5 20. fxe5 Bc5 21. Rxc5 Qxc5 22. Bxa8 Ng4 23. Bxd4 Qc8 24. Bf3 O-O 25.
h3 Nh6 26. Qc1 Qd8 27. Qf4 Nf5 28. Bc5 Re8 29. Be4 g6 30. g4 Qh4 31. gxf5 Qxh3+ 32. Kg1 Bxf5 33. Bxf5 gxf5 34. Rf3 Qg4+ 35. Rg3 Re6 36. Rxg4+ fxg4 37. Be7 Rxe7 38. Qxg4+ Kf8 39. Qg5 Re6 40.
Kf2 h6 41. Qf5 Ke7 42. Kg3 Rg6+ 43. Kh4 Rg5 44. Qf6+ Ke8 45. Qc6+ Kf8 46. Qxh6+ Rg7 47. Qxa6 Rg2 48. Qa8+ 1-0

[Event "*** Titled Tuesday Blitz AM"]
[Site "Chess.com"]
[Date "2020.01.07"]
[Round "4"]
[White "Ariadna_Atreides"]
[Black "elm2007"]
[Result "0-1"]
[WhiteElo "2062"]
[BlackElo "2747"]
[TimeControl "180+2"]
[EndTime "9:52:59 PST"]
[Termination "elm2007 won by resignation"]

1. d4 Nf6 2. Nf3 g6 3. c4 Bg7 4. Nc3 O-O 5. e4 d6 6. Be2 e5 7. d5 a5 8. Bg5 h6 9. Bh4 g5 10. Bg3 Nfd7 11. Nd2 f5 12. exf5 Nc5 13. f6 Qxf6 14. Nde4 Nxe4 15. Nxe4 Qg6 16. Bd3 Bf5 17. Qc2 Na6 18. a3 h5 19. f3 h4 20. Bf2 Bh6 21. Be3 g4 22. Qd2 Bxe3 23. Qxe3 c6 24. dxc6 bxc6 25.
O-O-O d5 26. Nf2 e4 27. fxe4 dxe4 28. Bc2 Rab8 29. Rd4 c5 30. Rd5 Qg7 31. b3 a4 32.
Rxf5 Rxf5 33. Nxe4 axb3 34. Bb1 Rbf8 35. Nd2 b2+ 36. Kd1 R5f6 37. Qd3 Qe7 38. Re1 Qg7 39.
Re4 Nc7 40. Qe2 Rf2 41. Qe1 h3 42. Re7 Qd4 43. Rxc7 Rxd2+ 44. Qxd2 hxg2 45. Qxd4 cxd4 46. Bh7+ Kh8 47. Be4 g1=Q+ 0-1

[Event "*** Titled Tuesday Blitz AM"]
[Site "Chess.com"]
[Date "2020.01.07"]
[Round "4"]
[White "AdrianPetrisor1992"]
[Black "LogoCzar"]
[Result "1-0"]
[WhiteElo "2615"]
[BlackElo "2400"]
[TimeControl "180+2"]
[EndTime "9:53:02 PST"]
[Termination "AdrianPetrisor1992 won by resignation"]

1. Nf3 c5 2. g3 b6 3. Bg2 Bb7 4. O-O Nf6 5. d3 e6 6. e4 d6 7.
Nc3 Be7 8. Re1 O-O 9. d4 cxd4 10. Nxd4 Qc8 11. Be3 a6 12. h3 b5 13. a3 Nbd7 14.
g4 Nc5 15. f3 Rd8 16. Bf2 Qc7 17. Qd2 Rac8 18. Rad1 Nfd7 19. b4 Na4 20. Nxa4 bxa4 21. f4 d5 22. exd5 Nf8 23. dxe6 Nxe6 24. Nxe6 fxe6 25. Qe2 Bxg2 26. Kxg2 Qc6+ 27. Kg1 Rxd1 28. Rxd1 Qxc2 29. Qxe6+ Kf8 30. Rd7 Qc1+ 31. Kg2 Re8 32. Bc5 Qc2+ 33. Kf3 Qc3+ 34. Kg2 Qc2+ 35. Kg3 Qc3+ 36.
Kf2 Qc2+ 37. Kf3 Qc3+ 38. Qe3 Qxe3+ 39. Bxe3 Rc8 40. Ra7 Rc6 41. Ke4 Bd8 42. Bd4 Re6+ 43. Kd5 Re7 44. Bc5 Ke8 45. Bxe7 Bxe7 46. Rxa6 1-0

[Event "*** Titled Tuesday Blitz AM"]
[Site "Chess.com"]
[Date "2020.01.07"]
[Round "4"]
[White "SavelijTartakover"]
[Black "Fh2411"]
[Result "1-0"]
[WhiteElo "2705"]
[BlackElo "2493"]
[TimeControl "180+2"]
[EndTime "9:53:03 PST"]
[Termination "SavelijTartakover won by resignation"]

1. d4 d5 2. c4 c6 3. Nf3 Nf6 4. Nc3 dxc4 5. a4 Bf5 6. e3 e6 7. Bxc4 Bb4 8. O-O Nbd7 9. Qe2 Bg6 10. e4 O-O 11. Bd3 Bh5 12. e5 Nd5 13. Nxd5 cxd5 14. Qe3 Be7 15. Ng5 Bxg5 16. Qxg5 Qxg5 17. Bxg5 Bg6 18.
Be2 Rfc8 19. Rfc1 a6 20. a5 Kf8 21. b4 f6 22. exf6 gxf6 23. Bd2 Kf7 24. b5 axb5 25.
Bxb5 Nf8 26. f3 e5 27. Rc5 Ne6 28. Rxd5 Nxd4 29. Rd7+ Ke6 30. Rxb7 Nxb5 31. Rxb5 Bd3 32. Rb6+ Kf7 33. Ra3 Ba6 34. Rc3 Rxc3 35. Bxc3 Bd3 36. Rd6 Bb5 37. Rd5 Bc4 38. Rc5 Ba6 39. Rc6 Bb5 40. Rc7+ Kg6 41. Kf2 h5 42. Ke3 Rd8 43. Rc5 Ba6 44. Kf2 Kf5 45. Kg3 Rg8+ 46. Kf2 Rd8 47. Rc6 Bb5 48. Rb6 Bd3 49. h3 h4 50. Rb4 Rh8 51. Ke3 Bf1 52. Kf2 Bd3 53.
Be1 Ba6 54. Kg1 Rc8 55. Bxh4 Rc1+ 56. Kh2 Bc4 57. Rb6 Kf4 58. Rxf6+ Ke3 59. Bg5+ 1-0

[Event "*** Titled Tuesday Blitz AM"]
[Site "Chess.com"]
[Date "2020.01.07"]
[Round "4"]
[White "LonesomeGeorge1"]
[Black "szefru"]
[Result "0-1"]
[WhiteElo "2300"]
[BlackElo "2127"]
[TimeControl "180+2"]
[EndTime "9:53:08 PST"]
[Termination "szefru won by resignation"]

1. e4 e5 2. Nf3 Nc6 3. Nc3 Nf6 4. Be2 Bc5 5. Nxe5 Nxe5 6. d4 Bd6 7. f4 Nc6 8. e5 Be7 9. d5 Nb8 10. d6 cxd6 11. exf6 Bxf6 12. O-O O-O 13. Nd5 Nc6 14. Bd3 Nb4 15. Nxb4 Qb6+ 16. Kh1 Qxb4 17. Bd2 Qxb2 18. Rb1 Qxa2 19. Qg4 Qe6 20. f5 Qa2 21. Rbe1 b6 22.
Bg5 Qb2 23. Re3 Bxg5 24. Qxg5 Qf6 25. Qh5 Bb7 26. Rh3 h6 27. Rg3 Rae8 28. h3 Re5 29. Kh2 Rfe8 30. Bc4 Bd5 31. Bd3 Be4 32. Bc4 d5 33. Bb5 R8e7 34. Qd1 Rxf5 35. Rxf5 Qxf5 36. Qd4 Qe5 37. Qe3 Re6 38. Ba6 Rg6 39. Bc8 Qxg3+ 40. Qxg3 Rxg3 41. Kxg3 Bxc2 42. Kf4 d6 43. g4 g5+ 44. Ke3 Kg7 45. Kd4 Be4 46. Bd7 Kf6 47. Bc8 0-1

[Event "*** Titled Tuesday Blitz AM"]
[Site "Chess.com"]
[Date "2020.01.07"]
[Round "4"]
[White "Nbk90"]
[Black "tigra"]
[Result "0-1"]
[WhiteElo "2551"]
[BlackElo "2739"]
[TimeControl "180+2"]
[EndTime "9:53:11 PST"]
[Termination "tigra won by resignation"]

1. e4 c5 2. Nf3 g6 3. d4 cxd4 4. Nxd4 Nc6 5. Nc3 Bg7 6. Be3 Nf6 7. Nxc6 bxc6 8. e5 Ng8 9. Bd4 Qa5 10. f4 Rb8 11. Bc4 Rxb2 12. e6 f6 13. exd7+ Bxd7 14. Rb1 Rb4 15. Rxb4 Qxb4 16. Qd3 e5 17. fxe5 fxe5 18.
a3 Qxa3 19. Be3 Bf5 20. Qd2 Qa1+ 21. Nd1 Ne7 22. O-O Qa4 23. Bb3 Qa6 24. Nc3 Qc8 25.
Ne4 Qd7 26. Nd6+ Kd8 27. Nf7+ Ke8 28. Nd6+ Kd8 29. Qa5+ Qc7 30. Nf7+ Kc8 31. Qxc7+ Kxc7 32. Nxh8 Bxh8 33. Bxa7 Nd5 34. Bc5 e4 35. g4 Bxg4 36. Rf7+ Bd7 37. Rxh7 Be5 38. Bc4 g5 39. Kf2 Bf4 40.
h3 Kd8 41. Be2 Bf5 42. Bg4 Bxh7 0-1

[Event "*** Titled Tuesday Blitz AM"]
[Site "Chess.com"]
[Date "2020.01.07"]
[Round "4"]
[White "MikeSailer"]
[Black "FedaMaster"]
[Result "0-1"]
[WhiteElo "2111"]
[BlackElo "2441"]
[TimeControl "180+2"]
[EndTime "9:53:13 PST"]
[Termination "FedaMaster won by resignation"]

1. b4 g6 2. Bb2 Nf6 3. Nf3 Bg7 4. c4 O-O 5. e3 d6 6. Be2 e5 7. O-O Nc6 8. b5 Ne7 9. d4 exd4 10. Nxd4 Nf5 11. Bf3 a6 12. Nxf5 gxf5 13. a4 axb5 14.
axb5 Rxa1 15. Bxa1 b6 16. Nc3 Be6 17. Nd5 Nxd5 18. Bxd5 Qg5 19. Bxg7 Qxg7 20. f4 Qc3 21. Rf3 Bxd5 22. Qxd5 Qe1+ 23. Rf1 Qxe3+ 24. Kh1 Qe4 25. h3 Re8 26. Rf3 Qxd5 27. cxd5 Re1+ 28. Kh2 Rc1 29. Rg3+ Kf8 30. Rg5 Rc5 31. Rxf5 Rxb5 32. Kg3 c6 33. Rf6 Rxd5 34. Kg4 b5 35. Rh6 Kg7 36. Rh4 h5+ 37. Kf3 b4 38. g4 b3 39. gxh5 b2 40. Rg4+ Kh6 41. Rg1 Rxh5 42. Rb1 Rxh3+ 43. Kg4 Rb3 44. Kf5 Kg7 45. Kg5 Rb5+ 46. f5 f6+ 47. Kf4 Kf7 48. Ke3 Ke7 49. Kd3 Kd7 50. Kc4 Kc7 51. Kc3 d5 52.
Kd4 Kd6 0-1

[Event "*** Titled Tuesday Blitz AM"]
[Site "Chess.com"]
[Date "2020.01.07"]
[Round "4"]
[White "shanemelaughcm"]
[Black "albi1999"]
[Result "0-1"]
[WhiteElo "2327"]
[BlackElo "2523"]
[TimeControl "180+2"]
[EndTime "9:53:20 PST"]
[Termination "albi1999 won by resignation"]

1. e4 c6 2. d4 d5 3. exd5 cxd5 4. Bf4 Nc6 5. Nc3 a6 6. Nf3 Bg4 7. Be2 e6 8. Qd2 Nf6 9. O-O Bb4 10. Qe3 Rc8 11.
Ne5 Bxe2 12. Nxe2 Nxe5 13. dxe5 Nd7 14. c3 Be7 15. Qg3 g6 16. Bh6 Qc7 17. Nd4 Rg8 18. f4 Nc5 19. f5 Ne4 20. Qg4 Qxe5 21. fxe6 f5 22. Qf4 Qxf4 23. Bxf4 Bf6 24. Rad1 Ke7 25.
g3 Bxd4+ 26. Rxd4 Kxe6 27. Rfd1 g5 28. Be3 f4 29. Bf2 Rcd8 30. c4 Nf6 31. Kf1 fxg3 32. Bxg3 Rd7 33. Re1+ Kf7 34. c5 Re8 35. Red1 h5 36. b4 h4 37. Bd6 Kg6 38. a4 Rf7 39. Kg1 Re2 40. R4d2 Re4 41. Rd4 Rxd4 42. Rxd4 Kf5 43.
b5 axb5 44. axb5 Ke6 45. Kg2 Ne4 46. Ra4 Nxd6 47. cxd6 Kxd6 48. Rd4 Kc5 49. Rd2 d4 50. Kh3 Rf4 51. Rg2 Rf5 52. Kg4 Rd5 53. Rb2 d3 54. Kf3 d2 0-1

[Event "*** Titled Tuesday Blitz AM"]
[Site "Chess.com"]
[Date "2020.01.07"]
[Round "4"]
[White "SalgadoChess91"]
[Black "MartinMatthiesen"]
[Result "0-1"]
[WhiteElo "2702"]
[BlackElo "2573"]
[TimeControl "180+2"]
[EndTime "9:53:21 PST"]
[Termination "MartinMatthiesen won by resignation"]

1. e4 e5 2. Bc4 Nf6 3. d3 Nc6 4. Nf3 Bc5 5. c3 d6 6. Nbd2 O-O 7. h3 a6 8. Bb3 Re8 9. Qe2 Be6 10. Nf1 Qd7 11. Ng3 d5 12. Bg5 Be7 13. O-O Rad8 14. Rad1 h6 15. Bc1 Bf8 16. Rfe1 g6 17. exd5 Bxd5 18.
Ne4 Qe6 19. Nxf6+ Qxf6 20. Bxd5 Rxd5 21. d4 Bg7 22. Qc4 Qd8 23. Qe2 Rd6 24. d5 Rxd5 25.
Rxd5 Qxd5 26. a3 e4 27. Nd2 f5 28. Qc4 Rd8 29. Qxd5+ Rxd5 30. f3 exf3 31. Nxf3 Ne5 32. Nd4 Kf7 33. Rf1 Nd3 34. b4 c5 35. bxc5 Rxc5 36.
Bd2 Ra5 37. g4 Rxa3 38. gxf5 Ra2 39. Be3 g5 40. Ne6 Be5 41. Bd4 Bxd4+ 42. cxd4 Rb2 43.
Rf3 Ne1 44. Rc3 Kf6 45. d5 Kxf5 46. Re3 Nc2 47. Re2 Rb1+ 48. Kh2 Nb4 49. Nd4+ Kf4 50. d6 Rd1 51. Ne6+ Kf3 52. Rb2 Rxd6 53. Rxb4 Rxe6 54. Rb6 Rxb6 0-1

[Event "*** Titled Tuesday Blitz AM"]
[Site "Chess.com"]
[Date "2020.01.07"]
[Round "4"]
[White "2nd_life"]
[Black "GremioPrudente"]
[Result "1-0"]
[WhiteElo "2491"]
[BlackElo "2260"]
[TimeControl "180+2"]
[EndTime "9:53:22 PST"]
[Termination "2nd_life won on time"]

1. e4 e6 2. d4 d5 3. Nc3 Nf6 4. Bg5 Be7 5. e5 Nfd7 6. h4 Bxg5 7. hxg5 Qxg5 8. Nh3 Qe7 9. Nf4 Nc6 10. Qg4 g6 11. O-O-O h5 12. Qf3 Nb6 13. Bb5 Bd7 14. Bxc6 Bxc6 15. Nd3 O-O-O 16. Kb1 Nc4 17. b3 Nb6 18.
Nc5 Kb8 19. Qf4 Nd7 20. Nxd7+ Bxd7 21. Ne2 g5 22. Qe3 Rc8 23. f4 g4 24. g3 h4 25. gxh4 Rxh4 26. Rxh4 Qxh4 27. Rg1 Rg8 28. a4 f5 29. exf6 Qxf6 30. Kb2 a6 31. Rg3 Qf5 32. Qe5 Qxe5 33. fxe5 b6 34. Nf4 c5 35. c3 Kc7 36. Nh5 Rg6 37. Nf6 cxd4 38. cxd4 b5 39.
a5 b4 40. Kc2 Bb5 41. Kd2 Bf1 42. Ke3 Bh3 43. Kf4 Kc6 44. Rg1 Kb5 45. Rc1 Kxa5 46. Nd7 1-0

[Event "*** Titled Tuesday Blitz AM"]
[Site "Chess.com"]
[Date "2020.01.07"]
[Round "4"]
[White "NZT72"]
[Black "Atakishiyev04"]
[Result "1-0"]
[WhiteElo "2536"]
[BlackElo "2686"]
[TimeControl "180+2"]
[EndTime "9:53:24 PST"]
[Termination "NZT72 won by checkmate"]

1. c4 Nf6 2. g3 e5 3. Bg2 c6 4.
d4 exd4 5. Qxd4 d5 6. Nf3 Be6 7.
cxd5 cxd5 8. O-O Nc6 9. Qa4 Bc5 10. Nbd2 O-O 11. Nb3 Bb6 12. Nbd4 Bd7 13. Qd1 Ne4 14.
Be3 Qf6 15. Rc1 Rfe8 16. a3 Rac8 17. Qd3 Bg4 18. Nxc6 bxc6 19. Bxb6 axb6 20. b4 Nd6 21. h3 Bf5 22. Qd4 Qh6 23. g4 Bd7 24. Qxb6 Rxe2 25.
Rce1 Rxe1 26. Rxe1 Ne4 27. a4 Qd6 28. Qd4 Re8 29.
Nd2 Nf6 30. Rxe8+ Nxe8 31. a5 Nc7 32. Nb3 Nb5 33. Qc5 Qe5 34. a6 Qb8 35. Na5 Na7 36. Qe7 Be6 37. Qb7 Qf4 38. Qxa7 Qc1+ 39. Bf1 h5 40.
Qb8+ Kh7 41. a7 hxg4 42. a8=Q gxh3 43. Qh8+ Kg6 44. Qab8 h2+ 45. Qhxh2 Bf5 46. Qbg3+ Kf6 47. Qe5+ Kg6 48. Qhg3+ Kh5 49. Qxf5+ Kh6 50. Qfh3# 1-0

[Event "*** Titled Tuesday Blitz AM"]
[Site "Chess.com"]
[Date "2020.01.07"]
[Round "4"]
[White "VeraNebolsina"]
[Black "Rhinos1"]
[Result "1-0"]
[WhiteElo "2332"]
[BlackElo "2127"]
[TimeControl "180+2"]
[EndTime "9:53:24 PST"]
[Termination "VeraNebolsina won by resignation"]

1. e4 e6 2. d4 d5 3. Nc3 Bb4 4. e5 c5 5. a3 Bxc3+ 6. bxc3 Ne7 7. Qg4 Nf5 8. Bd3 h5 9. Qf3 cxd4 10. Bxf5 exf5 11.
cxd4 Nc6 12. Ne2 h4 13. h3 g5 14. c4 dxc4 15. Qc3 Be6 16. Rb1 b6 17. a4 f4 18.
O-O Rc8 19. Ba3 Ne7 20. Bxe7 Qxe7 21. d5 Bxd5 22. Nd4 O-O 23. Rfe1 Be6 24. Qf3 Kg7 25. Nb5 Rc5 26. Nd6 Kh6 27. Re4 c3 28. Rc1 c2 29.
Re2 Qc7 30. Ne4 Bf5 31. Nf6 Bg6 32. Rd2 Qxe5 33. Ng4+ Kg7 34. Nxe5 Rxe5 35. Qc3 f6 36.
Rd7+ Kh6 37. Rxc2 Rc5 38. Qd4 Rxc2 39. Qd6 Rg8 40. Qxf6 f3 41. Rd5 Rc1+ 42. Kh2 fxg2 43. Qxg5+ Kh7 44. Rd7+ Rg7 45. Rxg7+ Kxg7 46. Qxc1 Be4 47.
Kg1 Bf3 48. Qc7+ 1-0

[Event "*** Titled Tuesday Blitz AM"]
[Site "Chess.com"]
[Date "2020.01.07"]
[Round "4"]
[White "FearlessKing64"]
[Black "DishonorOnYourCow"]
[Result "0-1"]
[WhiteElo "2363"]
[BlackElo "2225"]
[TimeControl "180+2"]
[EndTime "9:53:32 PST"]
[Termination "DishonorOnYourCow won by resignation"]

1. e4 e5 2. Nf3 Nc6 3. Bc4 Bc5 4. b4 Bxb4 5. c3 Ba5 6. d4 d6 7. Qb3 Qd7 8. O-O Bb6 9. Nbd2 Na5 10. Qc2 Nxc4 11.
Nxc4 Ne7 12. a4 Qc6 13. Qe2 exd4 14. cxd4 Bg4 15. Be3 Qxe4 16. a5 Bxd4 17. Ra4 Bxf3 18. gxf3 Qg6+ 19. Kh1 Bf6 20. a6 bxa6 21. Rg1 Qh5 22. Ra5 Qh3 23. Bg5 Qe6 24. Qd2 O-O 25.
Ne3 Ng6 26. f4 Qe4+ 27. Ng2 Bxg5 28. Rxg5 h6 29. Rg3 Rab8 30. f3 Qb4 31. Qxb4 Rxb4 32. f5 Ne7 33. Ne3 g6 34. fxg6 fxg6 35. Re1 Rf7 36. Ng2 Kg7 37. f4 Nf5 38. Rg4 Re7 39. h4 Rxe1+ 40. Nxe1 Rb1 41. Rg1 a5 42. h5 a4 43.
Rxg6+ Kf7 44. Rg1 a3 45. Kg2 a2 46. Nc2 Rb2 47. Kf3 Rxc2 48. Ke4 Rb2 49. Kxf5 Rb5+ 50.
Kg4 Rb1 51. Rg2 a1=Q 52. Rc2 Qg7+ 53. Kf3 Rf1+ 54. Ke2 Qg2+ 55. Kd3 Rf3+ 0-1

[Event "*** Titled Tuesday Blitz AM"]
[Site "Chess.com"]
[Date "2020.01.07"]
[Round "4"]
[White "hansen"]
[Black "Zubrrr"]
[Result "0-1"]
[WhiteElo "2899"]
[BlackElo "2741"]
[TimeControl "180+2"]
[EndTime "9:53:34 PST"]
[Termination "Zubrrr won by resignation"]

1. c4 f5 2. Nc3 Nf6 3. Nf3 g6 4. g3 Bg7 5. Bg2 O-O 6. O-O d6 7. d4 Qe8 8. d5 a5 9. Nd4 Na6 10. b3 Bd7 11. Bb2 Nc5 12. e3 g5 13. f4 Ng4 14. Qd2 Qh5 15. h3 Nf6 16. Rae1 Nfe4 17. Nxe4 Nxe4 18. Qc2 Nxg3 19. Rf2 Bf6 20. Bf3 Qh4 21. fxg5 Bxg5 22. Rg2 Qxh3 23. Kf2 Bh4 24. Reg1 Kf7 25. Ne6 Rg8 26. Nf4 Nh5+ 27. Ke2 Nxf4+ 28. exf4 Rxg2+ 29. Rxg2 Rg8 30. Rxg8 Kxg8 31. Ke3 Qg3 32. Bc3 b6 33. a3 Be8 34. Qg2 Qxg2 35. Bxg2 Bh5 36.
b4 axb4 37. axb4 Kf7 38. c5 bxc5 39. bxc5 dxc5 40. Be5 Bf6 41. Bxc7 Bd4+ 42. Kd3 Bg4 43. Be5 Bf2 44. d6 exd6 45. Bxd6 h5 46. Bd5+ Kg6 47. Bc6 h4 48. Be8+ Kf6 49. Kc4 Bf3 50. Be5+ Ke7 51.
Bg6 h3 52. Bxf5 h2 0-1

[Event "*** Titled Tuesday Blitz AM"]
[Site "Chess.com"]
[Date "2020.01.07"]
[Round "4"]
[White "Indianlad"]
[Black "temus_galaktionov"]
[Result "1-0"]
[WhiteElo "2939"]
[BlackElo "2739"]
[TimeControl "180+2"]
[EndTime "9:53:39 PST"]
[Termination "Indianlad won by resignation"]

1. d4 c6 2. c4 g6 3. Nc3 Bg7 4. e4 d6 5. Be3 Nd7 6. Nf3 e5 7. c5 dxc5 8. dxc5 Qe7 9. b4 Ngf6 10. Be2 O-O 11. O-O Rd8 12. Qc2 Nf8 13. h3 a5 14.
b5 Nh5 15. Rfd1 Rxd1+ 16. Rxd1 Nf4 17. Bf1 g5 18. Rd6 Bd7 19. bxc6 bxc6 20. Nd2 N8e6 21. Nc4 Nd4 22. Qd1 Be6 23. Kh2 Rd8 24. g3 Ng6 25. Rxd8+ Qxd8 26. Nd6 Qb8 27. Qc1 Qb4 28. Ne2 Bxa2 29.
Nxd4 exd4 30. Bd2 Qb1 31. Qxb1 Bxb1 32. Bxa5 d3 33. Kg2 Bd4 34. Bb4 Ne5 35. f4 gxf4 36.
gxf4 Nd7 37. Nb7 f6 38. Kf3 Bc2 39. h4 Kf7 40. Nd6+ Kf8 41. Nb7 Ke7 42. h5 Nb8 43.
Na5 Kd7 44. Nc4 Na6 45. Bh3+ Ke7 46. Bd2 Bxc5 47. Na5 Kd6 48. Nb7+ Kc7 49. Nxc5 Nxc5 50. Ke3 Kb6 51. h6 Nb3 52. Bf5 Nxd2 53. Kxd2 Kc5 54. Bxh7 Kd4 55. Bg8 c5 56. h7 c4 57. Bxc4 1-0